 Dungeon Crawl Stone Soup version 0.25.0-33-gff14898491 (webtiles) character file.

Game seed: 5921907820461434755

521 MisterFreud the Chiller (level 7, 52/52 HPs)
             Began as a Demonspawn Ice Elementalist on July 7, 2020.
             Got out of the dungeon alive.
             The game lasted 00:06:56 (4666 turns).

MisterFreud the Chiller (DsIE)                      Turns: 4666, Time: 00:06:56

Health: 52/52      AC:  5    Str:  8    XL:     7   Next: 1%
Magic:  11/11      EV: 12    Int: 19    God:
Gold:   215        SH:  0    Dex: 13    Spells: 8/12 levels left

rFire    . . .     SeeInvis .     - Unarmed
rCold    . . .     Gourm    .   (no shield)
rNeg     . . .     Faith    +   a - +0 robe
rPois    .         Spirit   .   (no helmet)
rElec    .         Reflect  .   (no cloak)
rCorr    .         Harm     .   (no gloves)
MR       .....                  g - +0 pair of boots
Stlth    +++.......             i - amulet of faith
HPRegen  0.17/turn              (no ring)
MPRegen  0.12/turn              (no ring)

@: no status effects
A: hooves 1, iridescent scales 1, nightstalker 1, spiny 2
a: no special abilities


You escaped.
You were not hungry.

You visited 1 branch of the dungeon, and saw 5 of its levels.

You collected 215 gold pieces.

Inventory:

Hand Weapons
 f - a +0 club
Armour
 a - a +0 robe (worn)
 g - a +0 pair of boots (worn)
 n - a +2 kite shield
Jewellery
 i - an amulet of faith (around neck)
Wands
 w - a wand of clouds (3)
Scrolls
 e - 4 scrolls of identify {unknown}
 h - 2 scrolls of remove curse {unknown}
 j - a scroll of immolation {unknown}
 k - 2 scrolls of fog {unknown}
 l - 2 scrolls of magic mapping {unknown}
 q - a scroll of teleportation {unknown}
 u - a scroll of amnesia {unknown}
 x - a scroll of noise {unknown}
Potions
 b - 2 potions of ambrosia {unknown}
 d - a potion of brilliance {unknown}
 m - 2 potions of heal wounds {unknown}
 o - a potion of berserk rage {unknown}
 p - 2 potions of might {unknown}
 r - 3 potions of curing {unknown}
 s - a potion of invisibility {unknown}
 t - a potion of cancellation {unknown}
 v - a potion of lignification {unknown}
Comestibles
 c - 9 rations
 z - a chunk of flesh


   Skills:
 - Level 3.0 Fighting
 - Level 1.7 Dodging
 - Level 1.7 Stealth
 + Level 4.2 Unarmed Combat
 - Level 3.0 Spellcasting
 - Level 5.0 Ice Magic


You had 8 spell levels left.
You knew the following spells:

 Your Spells              Type           Power        Failure   Level  Hunger
a - Freeze                Ice            ###.         1%          1    None
b - Frozen Ramparts       Ice            ###...       6%          3    ###....

Your spell library contained the following spells:

 Spells                   Type           Power        Failure   Level  Hunger
 Ozocubu's Armour         Chrm/Ice       ##......     16%         3    ###....
 Hailstorm                Conj/Ice       ##......     47%         4    ####...
 Summon Ice Beast         Ice/Summ       ##......     47%         4    ####...


Dungeon Overview and Level Annotations

Branches:
Dungeon (5/15)             Temple (0/1) D:5

Altars:
Ru
Xom
The Shining One


Innate Abilities, Weirdness & Mutations

You have large cloven feet.
You are partially covered in iridescent scales. (AC +2)
You are slightly more attuned to the shadows.
You are mostly covered in sharp spines.


Message History

There is a stone staircase leading up here.
You climb upwards.
There is a stone staircase leading down here.
HP restored.
There is a stone staircase leading up here.
You climb upwards.
There is a stone staircase leading down here.
There is a stone staircase leading up here.
You climb upwards.
There is a stone staircase leading down here.
Some of the chunks of flesh in your inventory have rotted away.
You see here 12 bolts.
There is an open door here.
You see here a robe.
You enter the shallow water.
Moving in this stuff is going to be slow.
There is an open door here.
There is a staircase leading out of the dungeon here.
Are you sure you want to leave the Dungeon?
This will make you lose the game!
You have escaped!

#.#.# #.#.# ##.#..# #.#.#
#.#.# #.#..# #.#.#
#.#.#####.####
#.#.####.#.........######
#.#......≈.≈.[≈≈.≈..≈.≈.#
#.######≈.≈≈≈≈≈≈≈≈≈≈≈≈≈≈#
.......≈.≈≈≈≈≈####'#≈≈≈≈#
#.####..≈####≈#....#≈≈≈≈#
#.# #..≈'.>#≈#.@>.#≈≈≈≈#
#.# #.≈≈####≈#....#≈≈≈≈#
#.####..≈≈≈≈≈≈######≈≈≈≈#
#.......≈≈≈≈≈≈≈≈ ≈≈##≈#
#######≈≈≈≈##≈≈≈ ≈≈≈# ≈#
#≈≈≈≈##≈≈≈ #.≈≈≈≈≈≈≈≈
#.≈≈≈≈≈≈≈≈ #.≈≈≈+##≈≈


There were no monsters in sight!

Vanquished Creatures
  A phantom (D:4)
  An ogre (D:5)
  2 crimson imps (D:4)
  2 hounds
  Terence (D:2)
  An iguana (D:4)
  A worker ant (D:4)
  A howler monkey skeleton (D:5)
  6 adders
  A shadow imp (D:5)
  2 dart slugs
  A worm (D:3)
  6 leopard geckos
  4 orcs
  13 bats
  4 giant cockroaches
  7 goblins
  8 hobgoblins
  6 jackals
  6 kobolds
  A quokka (D:3)
  3 frilled lizards
  A quokka skeleton (D:2)
  3 rats
82 creatures vanquished.

Notes
Turn   | Place    | Note
-------+----------+-------------------------------------------
     0 | D:1      | MisterFreud the Demonspawn Ice Elementalist began the quest
                  | for the Orb.
     0 | D:1      | Reached XP level 1. HP: 13/13 MP: 3/3
   164 | D:1      | Reached skill level 1 in Fighting
   378 | D:1      | Gained mutation: You are partially covered in sharp spines.
                  | [demonic ancestry]
   378 | D:1      | Reached XP level 2. HP: 15/22 MP: 0/5
  1424 | D:2      | Gained mutation: You are mostly covered in sharp spines.
                  | [demonic ancestry]
  1424 | D:2      | Reached XP level 3. HP: 28/28 MP: 2/6
  1619 | D:2      | Found a sacrificial altar of Ru.
  1624 | D:2      | Found a glowing golden altar of the Shining One.
  1828 | D:2      | Learned a level 3 spell: Frozen Ramparts
  1951 | D:2      | Reached XP level 4. HP: 35/35 MP: 7/7
  2084 | D:2      | Noticed Terence
  2099 | D:2      | Killed Terence
  2099 | D:2      | Reached skill level 4 in Ice Magic
  2865 | D:3      | Gained mutation: You are partially covered in iridescent
                  | scales. (AC +2) [demonic ancestry]
  2865 | D:3      | Reached XP level 5. HP: 40/41 MP: 9/9
  3528 | D:4      | Reached skill level 5 in Ice Magic
  3648 | D:4      | Reached skill level 1 in Unarmed Combat
  3851 | D:4      | Noticed a phantom
  3911 | D:4      | Killed a phantom
  3911 | D:4      | Gained mutation: You have large cloven feet. [demonic
                  | ancestry]
  3911 | D:4      | Reached XP level 6. HP: 18/47 MP: 1/10
  4241 | D:4      | Found a shimmering altar of Xom.
  4310 | D:5      | Entered Level 5 of the Dungeon
  4487 | D:5      | Found a staircase to the Ecumenical Temple.
  4526 | D:5      | Gained mutation: You are slightly more attuned to the
                  | shadows. [demonic ancestry]
  4526 | D:5      | Reached XP level 7. HP: 46/52 MP: 11/11
  4666 | D:$      | Got out of the dungeon alive.

Illustrated notes

Levels and vault maps discovered:
D:1:      minmay_arrival_floating_metal, layout_basic
D:2:      layout_rooms, nicolae_overflow_hidden_temple, serial_co_window_serial,
          co_window_corner_a, co_window_corner_a, co_window_of_opportunity_a,
          co_window_cross_1, co_window_paths_a, co_window_unsneaky_path_a,
          co_window_unsneaky_path_c, co_window_of_opportunity_c,
          co_window_corner_b, co_window_sun, co_window_paths_e, grunt_decor_cap,
          minmay_pentomino_s4, uniq_terence
D:3:      layout_rooms, grunt_decor_fettered
D:4:      layout_basic, led_xom_imps, first_ration
D:5:      layout_loops_ring, minmay_temple_entry_trees, serial_shops,
          nicolae_shop_crystal, serial_co_window_serial, co_window_paths_a,
          co_window_of_opportunity_a, co_window_corner_a, co_window_paths_a,
          co_window_of_opportunity_a, co_window_corner_a, co_window_corner_a,
          co_window_corner_b, co_window_2corner, co_window_2corner,
          co_window_unsneaky_path_c, glass_columns_c, glass_columns_a,
          glass_columns_a, glass_columns_b, glass_columns_b

Skill      XL: |  1  2  3  4  5  6 |
---------------+-------------------+-----
Fighting       | 1 2 3 |  3.0
Ice Magic      | 4 5 |  5.0
Spellcasting   | 3 |  3.0
Unarmed Combat | 2 4 |  4.2
Dodging        | |  1.7
Stealth        | |  1.7

Action                   |  1- 3 |  4- 6 |  7- 9 || total
-------------------------+-------+-------+-------++-------
Melee: Unarmed           |    10 |    25 |       ||    35
       Club              |    30 |    91 |       ||   121
       Punch             |       |     1 |       ||     1
 Cast: Freeze            |    34 |     5 |       ||    39
       Frozen Ramparts   |       |    10 |       ||    10
 Stab: Sleeping          |     1 |     9 |       ||    10
  Eat: Chunk             |     4 |     9 |       ||    13
Armor: Robe              |    17 |    20 |       ||    37
Dodge: Dodged            |    55 |    73 |       ||   128
